 Dungeon Crawl Stone Soup version 0.27.1-34-g3ba077fa99 (webtiles) character file.

Game seed: 9556427575281268157

198 multipassport the Skirmisher (level 6, -13/48 HPs)
             Began as a Formicid Abyssal Knight on Jan 18, 2022.
             Was a Believer of Lugonu.
             Splashed by Ijyb's acid (14 damage)
             ... on level 3 of the Dungeon.
             The game lasted 00:09:41 (3483 turns).

multipassport the Skirmisher (FoAK)                 Turns: 3483, Time: 00:09:41

Health: -13/48     AC:  0    Str: 16 (19) XL:     6   Next: 6%
Magic:  8/8        EV: 11    Int: 17      God:    Lugonu [**....]
Gold:   286        SH:  0    Dex:  8 (10) Spells: 5/5 levels left

rFire    . . .     SeeInvis +   j - +0 trident
rCold    . . .     Faith    .   (no shield)
rNeg     . . .     Spirit   .   c - +0 troll leather armour {Purgy}
rPois    .         Reflect  .   (helmet unavailable)
rElec    .         Harm     .   (no cloak)
rCorr    .         Rampage  .   (no gloves)
Will     .....                  (no boots)
Stlth    +.........             (no amulet)
HPRegen  1.16/turn              k - +6 ring of intelligence
MPRegen  0.11/turn              (no ring)

@: corroded
A: permanent stasis, dig shafts and tunnels, antennae 3, four strong arms
a: Dig, Shaft Self, Renounce Religion, Depart the Abyss, Bend Space


You were on level 3 of the Dungeon.
You worshipped Lugonu.
Lugonu was pleased with you.
You visited 1 branch of the dungeon, and saw 3 of its levels.
You visited the Abyss 1 time.
You also visited: Sewer.

You collected 286 gold pieces.

Inventory:

Hand Weapons
 j - a +0 trident (weapon)
Armour
 c - a +0 troll leather armour (worn) {Purgy}
 h - a +0 ring mail of poison resistance
Jewellery
 k - a +6 ring of intelligence (left hand)
Scrolls
 a - a scroll of silence {unknown}
 d - a scroll of holy word {unknown}
 e - 4 scrolls of amnesia {unknown}
 i - a scroll of identify {unknown}
 l - a scroll of fog {unknown}
Potions
 b - 2 potions of cancellation
 f - a potion of brilliance
 g - a potion of invisibility {unknown}


   Skills:
 + Level 4.2 Fighting
 + Level 3.0 Polearms
 + Level 3.4 Armour
 + Level 2.2 Dodging
 + Level 3.6 Invocations


You had 5 spell levels left.
You didn't know any spells.
Your spell library contained the following spells:

 Spells                   Type           Power      Damage    Failure   Level
 Sublimation of Blood     Necr           0%         N/A       38%         2
 Wereblood                Tmut           0%         N/A       38%         2
 Summon Hydra             Summ           0%         N/A       100%        7


Dungeon Overview and Level Annotations

Branches:
Dungeon (3/15)              Sewer (visited)

Altars:
Fedhas
Kikubaaqudgha
Uskayaw

Shops:
D:2 *

Annotations:
D:3 Ijyb, Jessica


Innate Abilities, Weirdness & Mutations

You cannot be hasted, slowed, berserked, paralysed or teleported.
You can dig through walls and to a lower floor.
You have a pair of large antennae on your head. (SInv)
Your four strong arms can wield two-handed weapons with a shield.


Message History

You barely miss the bat. The bat barely misses you. x2
Jessica gestures wildly while chanting.
Jessica blinks!
You closely miss the bat. The bat barely misses you. The bat misses you.
You closely miss the bat. The bat hits you.
Jessica mumbles some strange words.
Jessica blinks!
The bat closely misses you.
You barely miss the bat. The bat hits you but does no damage.
The bat closely misses you.
You hit the bat.
You kill the bat!
Lugonu accepts your kill. Ijyb hits you with a +0 club.
You hit Ijyb.
Ijyb is moderately wounded.
Ijyb hits you with a +0 club.
You hit Ijyb.
Ijyb is heavily wounded.
Ijyb screams, "I dance on your bones!" Ijyb closely misses you.
You barely miss Ijyb.
Ijyb is heavily wounded.
Ijyb zaps a wand.
The bolt of acid hits you!
You are splashed with acid!
You are too injured to fight recklessly!
You are too injured to fight recklessly!
You are too injured to fight recklessly!
You are too injured to fight recklessly!
You are too injured to fight recklessly!
You hit Ijyb.
Ijyb is severely wounded.
Ijyb hits you with a +0 club.
You completely miss Ijyb.
Ijyb is severely wounded.
Ijyb hits you but does no damage. Ijyb barely misses you.
You barely miss Ijyb.
Ijyb is severely wounded.
Ijyb zaps a wand.
The bolt of acid hits you!!
* * * LOW HITPOINT WARNING * * *
The acid corrodes you!
You are splashed with acid!
You die...

.# ##.##.#.#
#.# .#
#.##.#.# #.#
.######......#
#.#
.)...........#
#.#
##########.#.#
#.# ...# #.#
### #.# #.#
#@# #.#####g#
#...g..g#
.######@# ...
...## @._..
....._ .......


You could see Ijyb, Jessica and a hobgoblin.

Vanquished Creatures
  Purgy (Sewer)
  2 adders (D:2)
  A river rat (D:3)
  A worm (D:2)
  An orc (D:2)
  6 ball pythons
  12 bats
  5 endoplasms
  A giant cockroach (D:1)
  4 goblins
  7 hobgoblins
  6 jackals (D:1)
  7 kobolds
  A quokka (D:3)
  3 frilled lizards
  6 rats
64 creatures vanquished.

Notes
Turn   | Place    | Note
-------+----------+-------------------------------------------
     0 | Abyss:1  | multipassport the Formicid Abyssal Knight began the quest
                  | for the Orb.
     0 | Abyss:1  | Reached XP level 1. HP: 18/18 MP: 2/2
    32 | Abyss:1  | Noticed a black bear
    32 | Abyss:1  | a shapeshifter changed into a black bear
   112 | Abyss:2  | Noticed a ynoxinul
   117 | D:1      | Escaped the Abyss
   311 | D:1      | Reached skill level 1 in Dodging
   481 | D:1      | Reached * piety under Lugonu
   482 | D:1      | Reached XP level 2. HP: 24/24 MP: 3/3
   838 | D:1      | Reached XP level 3. HP: 3/29 MP: 4/4
  1597 | D:1      | You fall into a shaft and drop 1 floor!
  1597 | D:2      | Found a faded altar of an unknown god.
  1605 | D:2      | Reached ** piety under Lugonu
  2116 | D:2      | Reached XP level 4. HP: 37/37 MP: 6/6
  2257 | D:2      | Found Cikk's Assorted Antiques.
  2810 | D:3      | Found a glowing drain.
  2832 | Sewer    | Entered a sewer
  2925 | Sewer    | Noticed Purgy
  2966 | Sewer    | Killed Purgy
  2967 | Sewer    | Reached skill level 4 in Fighting
  2967 | Sewer    | Reached XP level 5. HP: 6/42 MP: 7/7
  3296 | D:3      | Reached XP level 6. HP: 39/48 MP: 8/8
  3462 | D:3      | Found a blossoming altar of Fedhas.
  3463 | D:3      | Found an ancient bone altar of Kikubaaqudgha.
  3464 | D:3      | Noticed Ijyb
  3465 | D:3      | Found a hide-covered altar of Uskayaw.
  3465 | D:3      | Noticed Jessica
  3483 | D:3      | HP: 1/48 [Ijyb/bolt of acid (20)]
  3483 | D:3      | Splashed by Ijyb's acid

Illustrated notes

Levels and vault maps discovered:
D:1:      dpeg_arrival_prison, layout_basic, st_stairs_2
D:2:      layout_loops_ring, shapermc_ecumenical_altar_mp_highgroup,
          serial_shops, nicolae_shop_competitors_out_of_business
D:3:      layout_loops_ring, grunt_temple_overflow_open,
          gammafunk_temple_overflow_statue, cheibrodos_sewer_entry_sluice,
          uniq_jessica, uniq_ijyb

Skill      XL: |  1  2  3  4 |
---------------+-------------+-----
Dodging        | 1 2 |  2.2
Invocations    | 3 |  3.6
Armour         | 3 |  3.4
Fighting       | 4 |  4.2
Polearms       | 3 |  3.0

Action                   |  1- 3 |  4- 6 || total
-------------------------+-------+-------++-------
Melee: Spear             |   157 |       ||   157
       Trident           |       |   143 ||   143
Invok: Depart the Abyss  |     1 |       ||     1
 Abil: Shaft Self        |     1 |       ||     1
  Use: Potion            |       |     6 ||     6
Armor: Leather armour    |     4 |       ||     4
       Ring mail         |    45 |    96 ||   141
       Troll leather arm |       |    16 ||    16
Dodge: Dodged            |    65 |   132 ||   197
